[Event "Titled Tuesday Blitz May 18 2021"]
[White "Eljanov, Pavel"]
[Black "Van Foreest, Jorden"]
[WhiteFideId "14102951"]
[BlackFideId "1039784"]
[WhiteElo "2602"]
[BlackElo "2622"]
[Result "0-1"]
[Round "09"]
[TimeControl "180+1"]
[Date "2021.05.18"]
[WhiteClock "0:00:02"]
[BlackClock "0:00:40"]

1. Nf3 d5 2. g3 Nc6 3. d4 Bf5 4. Bg2 Nb4 5. Na3 e6 6. c3 Nc6 7. Ne5 Nxe5 8. dxe5 Ne7 9. Qb3 Rb8 10. Bf4 Ng6 11. O-O-O Nxf4 12. gxf4 Qh4 13. e3 Bxa3 14. Qxa3 Qxf2 15. e4 Bxe4 16. Bxe4 Qxf4+ 17. Rd2 Qxe4 18. Rg1 Qxe5 19. h4 g6 20. h5 Qxh5 21. Rf2 Qe5 22. Rgf1 f5 23. Kd2 Qd6 24. Qxa7 c5 25. Re2 O-O 26. Qa4 e5 0-1


[Site "https://www.chess.com"]

[Event "Titled Tuesday Blitz May 18 2021"]
[White "Indjic, Aleksandar"]
[Black "Quintiliano Pinto, Renato R."]
[WhiteFideId "911925"]
[BlackFideId "2117568"]
[WhiteElo "2643"]
[BlackElo "2439"]
[Result "1-0"]
[Round "09"]
[TimeControl "180+1"]
[Date "2021.05.18"]
[WhiteClock "0:01:04"]
[BlackClock "0:00:11"]

1. d4 d5 2. c4 c6 3. Nf3 Nf6 4. Nc3 dxc4 5. a4 Bf5 6. e3 e6 7. Bxc4 Bb4 8. O-O O-O 9. h3 Nbd7 10. Nh4 Bg6 11. Nxg6 hxg6 12. Qe2 e5 13. Rd1 Qe7 14. d5 Nb6 15. dxc6 bxc6 16. Bb3 a5 17. e4 Nbd7 18. Bg5 Rab8 19. Ba2 Nc5 20. Qc2 Ne6 21. Bxe6 Qxe6 22. Ne2 Nd7 23. Be3 Be7 24. Rd3 Rb4 25. Rad1 Nf6 26. Rc3 Qa2 27. Nc1 Qxb2 28. Qxb2 Rxb2 29. f3 Ra2 30. Nd3 Rd8 31. Rdc1 Bb4 32. Rb3 Rxa4 33. Nxe5 Bd2 34. Rc2 Bxe3+ 35. Rxe3 Ra1+ 36. Kh2 Rdd1 37. g4 Rh1+ 38. Kg3 Rag1+ 39. Rg2 Rxg2+ 40. Kxg2 Rc1 41. Ra3 Rc5 42. Nd3 Rc2+ 43. Kg3 g5 44. Rxa5 Nd7 45. Rxg5 f6 46. Ra5 c5 47. Ra7 Ne5 48. Nxe5 fxe5 49. Re7 c4 50. Rxe5 c3 51. Rc5 Rc1 52. h4 Kf7 53. h5 Ke6 54. Kf4 Kd6 55. Rc4 c2 56. Kg5 Ke6 57. Kg6 Ke5 58. Kxg7 Kf4 59. h6 1-0


[Site "https://www.chess.com"]

[Event "Titled Tuesday Blitz May 18 2021"]
[White "Jobava, Baadur"]
[Black "Sasikiran, Krishnan"]
[WhiteFideId "13601520"]
[BlackFideId "5004985"]
[WhiteElo "2748"]
[BlackElo "2552"]
[Result "0-1"]
[Round "09"]
[TimeControl "180+1"]
[Date "2021.05.18"]
[WhiteClock "0:00:02"]
[BlackClock "0:00:20"]

1. d4 d5 2. c4 c6 3. Nf3 Nf6 4. Nc3 e6 5. Bg5 h6 6. Bxf6 Qxf6 7. e3 Nd7 8. Qc2 g6 9. O-O-O Bg7 10. Kb1 O-O 11. h4 a6 12. cxd5 cxd5 13. Bd3 b5 14. e4 b4 15. Na4 dxe4 16. Bxe4 Rb8 17. Nc5 Qf4 18. Rhe1 Nf6 19. Ne5 Qxh4 20. Nc6 Qf4 21. Bxg6 fxg6 22. Ne7+ Kf7 23. Nd3 Qd6 24. Nxg6 Bb7 25. Nxf8 Rxf8 26. f3 Nd5 27. Ne5+ Kg8 28. Rc1 a5 29. Qg6 Nf4 30. Qg4 h5 31. Qg3 a4 32. Ng6 Qxd4 33. Rc2 b3 34. axb3 axb3 35. Rc3 Nxg6 36. Qxg6 Qd2 37. Qxe6+ Kh8 0-1


[Site "https://www.chess.com"]

[Event "Titled Tuesday Blitz May 18 2021"]
[White "Karthikeyan, Murali"]
[Black "Erigaisi Arjun"]
[WhiteFideId "5074452"]
[BlackFideId "35009192"]
[WhiteElo "2564"]
[BlackElo "2609"]
[Result "0-1"]
[Round "09"]
[TimeControl "180+1"]
[Date "2021.05.18"]
[WhiteClock "0:00:03"]
[BlackClock "0:00:40"]

1. Nf3 g6 2. e4 Bg7 3. d4 d6 4. Nc3 Nf6 5. h3 O-O 6. Be3 a6 7. Bd3 b5 8. e5 dxe5 9. dxe5 Nd5 10. Qd2 Nxe3 11. Qxe3 b4 12. Ne4 Qd5 13. Ned2 Bf5 14. Bxf5 gxf5 15. b3 Nc6 16. Nc4 Qe4 17. O-O Qxe3 18. fxe3 Rfd8 19. Rad1 e6 20. Kf2 Kf8 21. Ke2 h6 22. Nd4 Nxe5 23. Nxe5 Bxe5 24. Nc6 Rxd1 25. Rxd1 Bd6 26. Na5 Ke7 27. g4 fxg4 28. hxg4 Rg8 29. Kf3 Rg5 30. Nc4 h5 31. gxh5 Rxh5 32. Ke2 f5 33. Rg1 Rh2+ 34. Kd3 e5 35. Rg6 Kf7 36. Rg5 Ke6 37. Rg8 e4+ 0-1


[Site "https://www.chess.com"]

[Event "Titled Tuesday Blitz May 18 2021"]
[White "Khanin, Semen"]
[Black "Gahan, M G"]
[WhiteFideId "4111990"]
[BlackFideId "5027373"]
[WhiteElo "2521"]
[BlackElo "2264"]
[Result "1-0"]
[Round "09"]
[TimeControl "180+1"]
[Date "2021.05.18"]
[WhiteClock "0:00:09"]
[BlackClock "0:00:15"]

1. c4 Nf6 2. Nc3 c6 3. e4 e5 4. Nf3 Qc7 5. g3 Bb4 6. Bg2 O-O 7. O-O Bxc3 8. bxc3 Nxe4 9. Re1 d5 10. d3 Nxc3 11. Qc2 d4 12. Nxe5 Nd7 13. Nf3 c5 14. Bd2 Nf6 15. Bxc3 dxc3 16. Qxc3 Bf5 17. Ne5 Rad8 18. Re3 Rfe8 19. Rae1 Re6 20. h3 h6 21. g4 Bh7 22. f4 Rd4 23. g5 hxg5 24. fxg5 Nh5 25. Bd5 Rxe5 26. Rxe5 Bg6 27. Qd2 Rxd3 28. Qf2 Rg3+ 29. Bg2 Qd6 30. Kh1 Qd3 31. Rd5 Qxc4 32. Rd8+ Kh7 33. Ree8 Bb1 34. Rh8+ Kg6 35. Rd6+ f6 36. gxf6 gxf6 37. Rxh5 Rxg2 38. Qxf6+ Kxh5 39. Qh6# 1-0


[Site "https://www.chess.com"]

[Event "Titled Tuesday Blitz May 18 2021"]
[White "Khusnutdinov, Rustam"]
[Black "Krivonosov, Oleg"]
[WhiteFideId "13701703"]
[BlackFideId "11600349"]
[WhiteElo "2571"]
[BlackElo "2469"]
[Result "1/2-1/2"]
[Round "09"]
[TimeControl "180+1"]
[Date "2021.05.18"]
[WhiteClock "0:00:53"]
[BlackClock "0:01:19"]

1. d4 d5 2. c4 e6 3. Nf3 Nf6 4. g3 Be7 5. Bg2 O-O 6. O-O Nbd7 7. Qc2 c6 8. Nbd2 b6 9. e4 dxc4 10. Nxc4 Bb7 11. Rd1 c5 12. e5 Nd5 13. dxc5 Nxc5 14. Nd6 Bxd6 15. exd6 h6 16. Rd4 Qxd6 17. b4 Nd7 18. Bb2 N7f6 19. Qd2 Rac8 20. Re1 Qc7 21. Rh4 Qc2 22. Qd4 Rfd8 23. Qe5 Qc7 24. Qe2 Qc2 25. Qe5 Qc7 26. Qe2 Qc2 27. Qe5 1/2-1/2


[Site "https://www.chess.com"]

[Event "Titled Tuesday Blitz May 18 2021"]
[White "Korchmar, Vasiliy"]
[Black "Abdrlauf, Elham"]
[WhiteFideId "24131750"]
[BlackFideId "1533533"]
[WhiteElo "2370"]
[BlackElo "2326"]
[Result "0-1"]
[Round "09"]
[TimeControl "180+1"]
[Date "2021.05.18"]
[WhiteClock "0:00:01"]
[BlackClock "0:00:02"]

1. d4 Nf6 2. Nf3 e6 3. Bf4 d5 4. e3 Bd6 5. Bg3 O-O 6. Nbd2 c5 7. c3 Nc6 8. Bd3 b6 9. Qe2 Bb7 10. Rd1 Re8 11. e4 e5 12. dxc5 Bxc5 13. O-O dxe4 14. Nxe4 Qe7 15. b4 Nxe4 16. Qxe4 f5 17. Qc4+ Kh8 18. bxc5 e4 19. Bh4 Qf8 20. Ng5 Na5 21. Qf7 exd3 22. Qh5 h6 23. Rxd3 Kg8 24. Nf3 Ba6 25. Rfd1 Bxd3 26. Rxd3 bxc5 27. h3 Nc6 28. Rd7 Ne5 29. Nxe5 Rxe5 30. Qg6 Rae8 31. Rxa7 Re4 32. Bg3 f4 33. Bh4 f3 34. g4 Re1+ 35. Kh2 R8e2 36. Qc6 Re8 37. Bg3 Kh8 38. g5 hxg5 39. Qg6 Kg8 40. Qxg5 Qf6 41. Qg4 Qxc3 42. Qh5 Qf6 43. Qxc5 R1e7 44. Ra4 Qf7 45. Rf4 Qe6 46. Rxf3 Qxa2 47. Qh5 Qe6 48. Rf4 Qe5 0-1


[Site "https://www.chess.com"]

[Event "Titled Tuesday Blitz May 18 2021"]
[White "Le, Tuan Minh"]
[Black "Vujnovic, Patricija"]
[WhiteFideId "12401153"]
[BlackFideId "14502313"]
[WhiteElo "2450"]
[BlackElo "2107"]
[Result "1-0"]
[Round "09"]
[TimeControl "180+1"]
[Date "2021.05.18"]
[WhiteClock "0:00:48"]
[BlackClock "0:00:01"]

1. d4 Nf6 2. Nf3 g6 3. Bg5 Bg7 4. Nbd2 O-O 5. c3 d6 6. e4 c5 7. dxc5 dxc5 8. Bc4 Nc6 9. Qe2 h6 10. Bxf6 exf6 11. O-O Qc7 12. Nh4 Ne5 13. Bd5 g5 14. Nf5 Bxf5 15. exf5 Rad8 16. c4 Rfe8 17. Rfe1 Bf8 18. Ne4 Kg7 19. Ng3 Rd6 20. Rad1 Be7 21. Qh5 Bd8 22. b3 Qd7 23. Ne4 Ra6 24. Nxc5 Qxf5 25. Nxa6 bxa6 26. Bxf7 Ng4 27. Bxe8 Kh8 28. h3 Qxf2+ 29. Kh1 Bb6 30. hxg4 Qh4+ 31. Qxh4 1-0


[Site "https://www.chess.com"]

[Event "Titled Tuesday Blitz May 18 2021"]
[White "Martirosyan, Haik M."]
[Black "Salinas Herrera, Pablo"]
[WhiteFideId "13306553"]
[BlackFideId "3407128"]
[WhiteElo "2656"]
[BlackElo "2541"]
[Result "1-0"]
[Round "09"]
[TimeControl "180+1"]
[Date "2021.05.18"]
[WhiteClock "0:01:01"]
[BlackClock "0:00:03"]

1. c4 c6 2. Nf3 Nf6 3. b3 d5 4. Bb2 e6 5. e3 Bd6 6. Rg1 Qe7 7. g4 e5 8. g5 Ne4 9. cxd5 cxd5 10. Nc3 Nxc3 11. Bxc3 Nc6 12. Bb5 O-O 13. Bxc6 bxc6 14. d4 e4 15. Ne5 Bxe5 16. dxe5 Be6 17. b4 a5 18. bxa5 c5 19. Rg3 Rfd8 20. a3 d4 21. exd4 cxd4 22. Bb4 Qc7 23. Rc1 Qxe5 24. Rc5 Qf4 25. Qd2 Qh4 26. Qe2 Re8 27. Kd1 Qxh2 28. Qf1 e3 29. Rg2 Qf4 30. Kc2 Bf5+ 31. Kb2 e2 32. Qe1 d3 33. Rg3 Rab8 34. Rd5 Bg6 35. Re3 Rxe3 36. fxe3 Qxe3 37. a6 h6 38. gxh6 Qe4 39. Rd7 d2 40. Rxd2 Rxb4+ 41. axb4 Qxb4+ 42. Ka2 Qa4+ 43. Kb2 Qb5+ 44. Kc3 Qc5+ 45. Kb3 Qb6+ 46. Kc3 Qxa6 47. hxg7 Qa5+ 48. Kd4 Kxg7 49. Qxe2 Qb4+ 50. Kd5 Bf5 51. Qe5+ 1-0


[Site "https://www.chess.com"]

[Event "Titled Tuesday Blitz May 18 2021"]
[White "Murzin, Volodar"]
[Black "Hansen, Eric"]
[WhiteFideId "44155573"]
[BlackFideId "2606771"]
[WhiteElo "2541"]
[BlackElo "2568"]
[Result "1-0"]
[Round "09"]
[TimeControl "180+1"]
[Date "2021.05.18"]
[WhiteClock "0:00:22"]
[BlackClock "0:00:19"]

1. e4 c6 2. Nf3 d5 3. exd5 cxd5 4. Ne5 Nc6 5. Bb5 Bd7 6. Bxc6 Bxc6 7. O-O Nf6 8. d4 e6 9. Bg5 Be7 10. Nd2 Bb5 11. Re1 O-O 12. c3 h6 13. Bh4 Ne8 14. Bxe7 Qxe7 15. Re3 Nd6 16. Rh3 a5 17. f4 a4 18. a3 Be8 19. Qg4 Nf5 20. Re1 f6 21. Nd3 Qd6 22. Nc5 Bf7 23. Nf1 b6 24. Nd3 h5 25. Qd1 Bg6 26. Ng3 Nxg3 27. Rxg3 Kf7 28. Qf3 Rh8 29. Ne5+ 1-0


[Site "https://www.chess.com"]

[Event "Titled Tuesday Blitz May 18 2021"]
[White "Nakamura, Hikaru"]
[Black "Pantsulaia, Levan"]
[WhiteFideId "2016192"]
[BlackFideId "13602071"]
[WhiteElo "2900"]
[BlackElo "2530"]
[Result "0-1"]
[Round "09"]
[TimeControl "180+1"]
[Date "2021.05.18"]
[WhiteClock "0:00:21"]
[BlackClock "0:00:48"]

1. Nf3 c5 2. e4 e6 3. d4 cxd4 4. Nxd4 a6 5. Bd3 Bc5 6. Nb3 Ba7 7. Qe2 d6 8. Be3 Nf6 9. O-O Nc6 10. Nc3 O-O 11. a4 Bxe3 12. Qxe3 d5 13. exd5 exd5 14. Ne2 Re8 15. Qf4 Ne5 16. Ned4 Nc4 17. Qc1 Qd6 18. c3 Ng4 19. f4 Bd7 20. Rf3 h6 21. h3 Nf6 22. Nd2 Rac8 23. Nxc4 dxc4 24. Bc2 Bc6 25. Rf2 Be4 26. Qd2 Bxc2 27. Qxc2 Ne4 28. Rf3 Nc5 29. Nf5 Qf6 30. Nd4 Nd3 31. Qd2 Rcd8 32. Raf1 Re4 33. b3 Nc5 34. bxc4 Nxa4 35. c5 Nxc5 36. Qc2 b5 37. Kh2 Ree8 38. Qa2 Ne4 39. Qa5 Nd2 0-1


[Site "https://www.chess.com"]

[Event "Titled Tuesday Blitz May 18 2021"]
[White "Praggnanandhaa R"]
[Black "Salem, A.R. Saleh"]
[WhiteFideId "25059530"]
[BlackFideId "9301348"]
[WhiteElo "2555"]
[BlackElo "2659"]
[Result "1-0"]
[Round "09"]
[TimeControl "180+1"]
[Date "2021.05.18"]
[WhiteClock "0:00:02"]
[BlackClock "0:00:03"]

1. d4 d5 2. Nf3 e6 3. Bf4 c5 4. e3 cxd4 5. exd4 Nc6 6. c3 f6 7. Bd3 g5 8. Bg3 h5 9. h4 g4 10. Ng1 Bd6 11. Ne2 Nge7 12. Na3 a6 13. Qd2 Qc7 14. Bxd6 Qxd6 15. c4 Bd7 16. cxd5 exd5 17. O-O-O Nb4 18. Nc3 Nxd3+ 19. Qxd3 Bf5 20. Qd2 b5 21. Nc2 Rc8 22. a3 Kf7 23. Rde1 Nc6 24. Ne3 Bg6 25. Nexd5 Rhd8 26. Kd1 Kg7 27. Re3 Bf7 28. Nb4 Nxb4 29. axb4 Qxd4 30. Qxd4 Rxd4+ 31. Kc1 Rxb4 32. Rd1 Rbc4 33. Kb1 b4 34. Na4 b3 35. Nc3 Bg6+ 36. Kc1 R8c7 37. Rd6 Rf4 38. Re2 a5 39. Ra6 a4 40. Rd2 Bc2 41. g3 Rfc4 42. Rxa4 Rxa4 43. Nxa4 Ra7 44. Rd4 Re7 45. Kd2 Kg6 46. Nc3 Ra7 47. Nd5 Ra1 48. Ne3 Rb1 49. Kc3 Rc1 50. Kd2 Rb1 51. Kc3 Rc1 52. Rf4 1-0


[Site "https://www.chess.com"]

[Event "Titled Tuesday Blitz May 18 2021"]
[White "Sanal, Vahap"]
[Black "Annaberdiyev, Babageldi"]
[WhiteFideId "6300545"]
[BlackFideId "14000385"]
[WhiteElo "2507"]
[BlackElo "2332"]
[Result "1-0"]
[Round "09"]
[TimeControl "180+1"]
[Date "2021.05.18"]
[WhiteClock "0:00:09"]
[BlackClock "0:00:12"]

1. e4 e6 2. d4 d5 3. Nd2 Nf6 4. e5 Nfd7 5. Bd3 c5 6. c3 Nc6 7. Ne2 Qb6 8. Nf3 cxd4 9. cxd4 f6 10. exf6 Nxf6 11. O-O Bd6 12. Nc3 O-O 13. Be3 Bd7 14. a3 Be8 15. Ne5 Bxe5 16. dxe5 d4 17. exf6 dxe3 18. fxg7 exf2+ 19. Kh1 Kxg7 20. Qg4+ Bg6 21. Bxg6 hxg6 22. Ne4 Rf5 23. Ng3 Rd5 24. Qxe6 Rad8 25. Ne4 Qxb2 26. Nxf2 Qf6 27. Qxf6+ Kxf6 28. Nh3+ Kg7 29. Nf4 Re5 30. h3 Rd4 31. Kh2 g5 32. Nh5+ Kg6 33. Rf6+ Kxh5 34. g4+ Rxg4 35. hxg4+ Kxg4 36. Rg1+ Kh5 37. Rb1 Na5 38. a4 b6 39. Rc1 Re4 40. Kg3 Re3+ 41. Kg2 Ra3 42. Rc7 Ra2+ 43. Kf3 Ra3+ 44. Kf2 Ra2+ 45. Ke1 Ra1+ 46. Ke2 Rxa4 47. Rxa7 Rf4 48. Rxb6 Nc4 49. Rb8 Ne5 50. Ra5 Re4+ 51. Kf1 Kg4 52. Rb3 Kf4 53. Ra8 Kg4 54. Rg8 Rf4+ 55. Kg2 Nf3 56. Rb5 Nh4+ 57. Kg1 Nf5 58. Ra5 Kh4 59. Ra7 Kg4 60. Ra2 Nh4 61. Ra3 Nf3+ 62. Kg2 Nh4+ 63. Kh2 Rf2+ 64. Kg1 Rf3 65. Ra5 Rf5 66. Ra7 Nf3+ 67. Kh1 Nh4 68. Ra4+ Rf4 69. Ra6 Rf5 70. Rc8 Rf1+ 71. Kh2 Rf2+ 72. Kg1 Rf4 73. Ra3 Nf3+ 74. Kh1 Nh4 75. Rc1 Nf3 76. Rd1 Nh4 77. Rg1+ Kh5 78. Ra8 Rf6 79. Rg8 Rg6 80. Rf8 Rd6 81. Rg3 Rd1+ 82. Kh2 Rd2+ 83. Kh3 Rd5 84. Rh8+ Kg6 85. Rxh4 1-0


[Site "https://www.chess.com"]

[Event "Titled Tuesday Blitz May 18 2021"]
[White "Seo, Jung Min"]
[Black "Madaminov, Mukhiddin"]
[WhiteFideId "1734687"]
[BlackFideId "14210703"]
[WhiteElo "2486"]
[BlackElo "1747"]
[Result "1-0"]
[Round "09"]
[TimeControl "180+1"]
[Date "2021.05.18"]
[WhiteClock "0:00:05"]
[BlackClock "0:00:03"]

1. e4 e6 2. d4 d5 3. e5 c5 4. c3 Nc6 5. Nf3 Qb6 6. a3 f6 7. exf6 Nxf6 8. Bd3 Bd6 9. O-O O-O 10. dxc5 Bxc5 11. b4 Bd6 12. c4 dxc4 13. Bxc4 Ne5 14. Be2 a5 15. Be3 Qc7 16. Nbd2 axb4 17. axb4 Rxa1 18. Qxa1 Neg4 19. Bc5 Bxh2+ 20. Kh1 Bd6 21. Bxd6 Qxd6 22. Qd4 Qc7 23. Nc4 Rd8 24. Qc5 Qxc5 25. bxc5 Rd5 26. Nb6 Rxc5 27. Kg1 Nd7 28. Nxc8 Rxc8 29. Nd4 Ngf6 30. Nxe6 Kf7 31. Nd4 Rc5 32. Rb1 b6 33. Bf3 g5 34. g3 h5 35. Kg2 g4 36. Be2 Ke7 37. f3 Rd5 38. Nb3 Re5 39. Kf2 Rf5 40. Kg2 Re5 41. Kf2 Kd6 42. fxg4 hxg4 43. Nd2 Ne4+ 44. Nxe4+ Rxe4 45. Bb5 Ne5 46. Be2 Kc5 47. Rb5+ Kc6 48. Rb1 Rd4 49. Ke3 Rd8 50. Kf4 Nd3+ 51. Kxg4 Rd4+ 52. Kh3 Nf2+ 53. Kg2 Ne4 54. Bf3 Kc5 55. Rc1+ Kd6 56. Bxe4 Rxe4 57. Kf3 Rd4 58. g4 b5 59. Kg3 b4 60. Kh4 Kd5 61. Kh5 Rd2 62. g5 Rh2+ 63. Kg6 b3 64. Kg7 b2 65. Rb1 Rg2 66. g6 Ke6 67. Re1+ Kf5 68. Rf1+ Kg5 69. Rd1 Re2 70. Rd5+ Kf4 71. Rb5 Kg4 72. Kh7 Rh2+ 73. Kg8 Kf4 74. g7 Ke3 75. Kf8 Rf2+ 76. Ke7 Rg2 77. Kf7 Kd3 78. Rxb2 Rxb2 79. g8=Q Rf2+ 80. Ke6 Re2+ 81. Kd5 Kd2 82. Qg5+ Ke1 83. Kd4 Rf2 84. Qg1+ Ke2 85. Qg3 Rf3 86. Qg4 Kf2 87. Ke4 Re3+ 88. Kf4 Re2 89. Qg3+ Kf1 90. Qh3+ Kf2 91. Qh1 Re1 92. Qh2+ Kf1 93. Kf3 Re3+ 94. Kxe3 1-0


[Site "https://www.chess.com"]

[Event "Titled Tuesday Blitz May 18 2021"]
[White "Sjugirov, Sanan"]
[Black "Lazavik, Denis"]
[WhiteFideId "4189302"]
[BlackFideId "13515110"]
[WhiteElo "2472"]
[BlackElo "2436"]
[Result "1-0"]
[Round "09"]
[TimeControl "180+1"]
[Date "2021.05.18"]
[WhiteClock "0:00:09"]
[BlackClock "0:00:11"]

1. d4 Nf6 2. c4 e6 3. Nc3 Bb4 4. e3 O-O 5. Nf3 c5 6. Bd3 d5 7. O-O cxd4 8. exd4 dxc4 9. Bxc4 b6 10. Bg5 Bb7 11. Rc1 h6 12. Bh4 Nc6 13. a3 Bxc3 14. Rxc3 Ne7 15. Bxf6 gxf6 16. Qd2 Kh7 17. Nh4 Rg8 18. Rh3 Qf8 19. Rc1 f5 20. Bd3 Ng6 21. Bxf5 exf5 22. Nxf5 Nf4 23. Qxf4 Rxg2+ 24. Kf1 Rg6 25. Rg3 Rc8 26. Rc7 Rxc7 27. Qxc7 Be4 28. Rxg6 Kxg6 29. Ne7+ Kh7 30. Qe5 Bd3+ 31. Ke1 Qg7 32. Qxg7+ Kxg7 33. Nc8 Kf6 34. Nxa7 Kf5 35. Nc8 b5 36. Kd2 Bf1 37. Ke3 Ke6 38. b3 Kd7 39. Na7 Kc7 40. a4 bxa4 41. bxa4 Kb6 42. Nb5 Ka5 43. Nd6 f6 44. Ne8 f5 45. Nd6 Kxa4 46. Nxf5 h5 47. h4 Bh3 48. Ng7 Bg4 49. f3 Bc8 50. Nxh5 Kb5 51. Nf6 Kc6 52. h5 1-0


[Site "https://www.chess.com"]

[Event "Titled Tuesday Blitz May 18 2021"]
[White "Tari, Aryan"]
[Black "Deac, Bogdan-Daniel"]
[WhiteFideId "1510045"]
[BlackFideId "1226380"]
[WhiteElo "2656"]
[BlackElo "2605"]
[Result "1-0"]
[Round "09"]
[TimeControl "180+1"]
[Date "2021.05.18"]
[WhiteClock "0:00:11"]
[BlackClock "0:00:04"]

1. e4 e5 2. Nf3 Nf6 3. d4 Nxe4 4. dxe5 d5 5. Nbd2 Nc5 6. Nb3 Ne6 7. Nfd4 c5 8. Bb5+ Bd7 9. Nxe6 fxe6 10. Bd3 Qh4 11. g3 Qh3 12. Be2 h5 13. Bg5 Nc6 14. f4 b6 15. c4 Be7 16. cxd5 exd5 17. Qxd5 Bxg5 18. fxg5 Qe6 19. O-O-O O-O-O 20. Rhf1 Qxe5 21. Qxe5 Nxe5 22. h4 Kc7 23. Nd2 Bh3 24. Rf4 Rd7 25. Nf3 Rxd1+ 26. Kxd1 Rd8+ 27. Kc2 Ng6 28. Rf7+ Rd7 29. Rxd7+ Bxd7 30. Nd2 Ne7 31. Bxh5 Nf5 32. Ne4 Bc6 33. Nc3 Nxg3 34. Bg6 Bf3 35. Kd3 Bg4 36. Ke3 Nh5 37. Nb5+ Kd7 38. Nxa7 Bd1 39. Nb5 Ng3 40. Nc3 Bh5 41. Bd3 1-0


[Site "https://www.chess.com"]

[Event "Titled Tuesday Blitz May 18 2021"]
[White "Timmermans, Mark"]
[Black "Oparin, Grigoriy"]
[WhiteFideId "1026399"]
[BlackFideId "24125890"]
[WhiteElo "2460"]
[BlackElo "2628"]
[Result "0-1"]
[Round "09"]
[TimeControl "180+1"]
[Date "2021.05.18"]
[WhiteClock "0:00:09"]
[BlackClock "0:00:07"]

1. b4 c6 2. Bb2 a5 3. b5 cxb5 4. e4 b4 5. a3 bxa3 6. Nxa3 e6 7. Nb5 d6 8. d4 Bd7 9. Nf3 Na6 10. e5 dxe5 11. dxe5 Nh6 12. Ba3 Bxa3 13. Rxa3 O-O 14. Nd6 Bc6 15. Be2 Nf5 16. Rd3 Nc5 17. Rd2 Nxd6 18. Rxd6 Qe7 19. Qd4 Rfc8 20. O-O a4 21. Ra1 h6 22. Nd2 Qg5 23. Bf3 Bxf3 24. Nxf3 Qf5 25. Qb2 Rd8 26. Rxd8+ Rxd8 27. h3 Qe4 28. Qc3 b6 29. Rb1 Qc6 30. Rb4 Ra8 31. Nd4 Qd5 32. Nb5 Qd1+ 33. Kh2 Qe2 34. f4 Ne4 35. Qc6 Ra5 36. Rxe4 Qxb5 37. Qxb5 Rxb5 38. Rxa4 Rc5 39. Ra8+ Kh7 40. Rb8 Rxc2 41. Rxb6 g5 42. fxg5 hxg5 43. Rb5 Kg6 44. Kg3 Rc3+ 45. Kg4 Rc4+ 46. Kf3 g4+ 47. hxg4 Kg5 48. Rb7 Rf4+ 49. Ke3 Kxg4 50. Rb8 Rf1 51. Rf8 Kg5 52. Kd4 Kg6 53. Kc5 Kg7 54. Ra8 Rd1 55. Ra3 Rd5+ 56. Kc4 Rxe5 57. Kd4 Rg5 58. g3 Rg4+ 59. Ke5 Kg6 60. Rf3 Ra4 61. Rf6+ Kg7 62. Rf3 Ra5+ 63. Ke4 Kg6 64. Rf1 f6 65. Rb1 Rf5 66. Rb6 e5 67. Ke3 Rf1 68. Rb8 Kf5 69. Rg8 Ra1 70. g4+ Ke6 71. g5 f5 72. Rg6+ Kd5 73. Rf6 f4+ 74. Kf3 Rg1 75. g6 Rg3+ 76. Kf2 Ke4 77. Kf1 f3 78. Kf2 Rg2+ 79. Kf1 Ke3 80. Ra6 e4 81. Ra3+ Kf4 82. Ra6 Rg5 83. Kf2 e3+ 84. Kf1 e2+ 85. Ke1 Rg1+ 0-1


[Site "https://www.chess.com"]

[Event "Titled Tuesday Blitz May 18 2021"]
[White "Trent, Lawrence"]
[Black "Visakh N R"]
[WhiteFideId "408638"]
[BlackFideId "25012223"]
[WhiteElo "2474"]
[BlackElo "2428"]
[Result "0-1"]
[Round "09"]
[TimeControl "180+1"]
[Date "2021.05.18"]
[WhiteClock "0:00:18"]
[BlackClock "0:00:21"]

1. d4 Nf6 2. Bg5 d5 3. e3 e6 4. Nd2 Be7 5. Bd3 c5 6. c3 Nc6 7. f4 h6 8. Bxf6 Bxf6 9. Ngf3 cxd4 10. exd4 g5 11. fxg5 hxg5 12. Qe2 g4 13. Ne5 Bxe5 14. dxe5 Qh4+ 15. g3 Qg5 16. Bb5 Bd7 17. Bxc6 Bxc6 18. O-O O-O-O 19. Nb3 Rh3 20. Nd4 Rdh8 21. Rf2 Be8 22. c4 R8h5 23. cxd5 Qxe5 24. Qxe5 Rxe5 25. dxe6 fxe6 26. Rc1+ Kd7 27. Rfc2 Rd5 28. Rc7+ Kd6 29. Ne2 Rd2 30. R7c2 Rxc2 31. Rxc2 e5 32. Rd2+ Ke7 33. Nc3 Bc6 34. Nd5+ Ke6 35. Nc7+ Kf5 36. Nd5 Rh8 37. Ne7+ Ke4 38. Nxc6 bxc6 39. Kf2 Rxh2+ 40. Ke1 0-1


[Site "https://www.chess.com"]

[Event "Titled Tuesday Blitz May 18 2021"]
[White "Vysochin, Spartak"]
[Black "Terry, Renato"]
[WhiteFideId "14103516"]
[BlackFideId "3803457"]
[WhiteElo "2388"]
[BlackElo "2581"]
[Result "1-0"]
[Round "09"]
[TimeControl "180+1"]
[Date "2021.05.18"]
[WhiteClock "0:00:18"]
[BlackClock "0:00:08"]

1. e4 e6 2. d4 d5 3. Nd2 Be7 4. Bd3 c5 5. dxc5 Nf6 6. Qe2 O-O 7. Ngf3 a5 8. O-O Na6 9. exd5 exd5 10. Nb3 a4 11. Nbd4 Nxc5 12. Bg5 a3 13. b3 h6 14. Rfe1 Nxd3 15. cxd3 Bd6 16. Bh4 Bd7 17. Qd2 Rc8 18. Ne5 Be6 19. Re2 Re8 20. Rae1 Qb6 21. Bxf6 Qxd4 22. Nxf7 Bxh2+ 23. Kxh2 Qxf6 24. Nd6 Rcd8 25. Nxe8 Rxe8 26. Kg1 Kf7 27. Qb4 Re7 28. Qxa3 h5 29. Qd6 h4 30. Rxe6 Rxe6 31. Qxd5 Ke7 32. Rxe6+ Qxe6 33. Qxe6+ Kxe6 34. Kh2 Ke5 35. Kh3 Kd4 36. Kxh4 Kxd3 37. f4 Kc3 38. g4 Kb2 39. f5 Kxa2 40. g5 Kxb3 41. f6 1-0


[Site "https://www.chess.com"]

[Event "Titled Tuesday Blitz May 18 2021"]
[White "dropstoneDP"]
[Black "Naroditsky, Daniel"]
[BlackFideId "2026961"]
[WhiteElo "2911"]
[BlackElo "2608"]
[Result "1/2-1/2"]
[Round "09"]
[TimeControl "180+1"]
[Date "2021.05.18"]
[WhiteClock "0:00:04"]
[BlackClock "0:00:06"]

1. e4 c6 2. d4 d5 3. e5 c5 4. c3 Nc6 5. a3 Bf5 6. Be3 e6 7. Nd2 Qb6 8. b4 cxd4 9. cxd4 a5 10. Qa4 Rc8 11. Bb5 axb4 12. axb4 Bc2 13. Qa5 Qxa5 14. bxa5 Bb4 15. Nf3 Ne7 16. O-O O-O 17. a6 bxa6 18. Rxa6 Bxd2 19. Nxd2 Nb4 20. Ra7 Nf5 21. Nf3 Bd3 22. Bxd3 Nxd3 23. Rb1 Rc3 24. h3 h6 25. Rbb7 Nc1 26. Bd2 Rc2 27. Bxc1 Rxc1+ 28. Kh2 Rc4 29. Rc7 Rxc7 30. Rxc7 Rb8 31. g4 Rb3 32. Kg2 Rxf3 33. Kxf3 Nxd4+ 34. Ke3 Nb3 35. Kd3 Na5 36. f4 Nc4 37. Kd4 Kf8 38. h4 g6 39. Ra7 h5 40. gxh5 gxh5 41. Ra1 Nd2 42. Ke3 Nc4+ 43. Kd3 Kg7 44. Rg1+ Kh7 45. Rg5 Kh6 46. Kd4 Nd2 47. Ke3 Ne4 48. Rg8 Kh7 49. Rg1 Kh6 50. Rg2 Kh7 51. f5 exf5 52. Kf4 d4 53. Kxf5 Nc5 54. Rc2 Ne6 55. Kf6 d3 56. Rd2 Nc5 57. Kxf7 Nd7 58. Ke6 Nc5+ 59. Kd5 Nd7 60. Rxd3 Kg6 61. Rf3 Nb6+ 62. Ke4 Nd7 63. Rf5 Nc5+ 64. Kf4 Ne6+ 65. Ke4 Nc5+ 66. Kf4 Ne6+ 67. Ke4 Nc5+ 1/2-1/2


[Site "https://www.chess.com"]

[Event "Titled Tuesday Blitz May 18 2021"]
[White "Artemiev, Vladislav"]
[Black "Praggnanandhaa R"]
[WhiteFideId "24101605"]
[BlackFideId "25059530"]
[WhiteElo "2783"]
[BlackElo "2555"]
[Result "1-0"]
[Round "10"]
[TimeControl "180+1"]
[Date "2021.05.18"]
[WhiteClock "0:00:09"]
[BlackClock "0:00:02"]

1. d4 Nf6 2. Nf3 g6 3. g3 Bg7 4. Bg2 O-O 5. O-O d6 6. Nc3 Nbd7 7. a4 c6 8. a5 Qc7 9. Qd3 Re8 10. Rd1 e5 11. dxe5 dxe5 12. Qc4 h6 13. Nb5 Qb8 14. Nd6 Re7 15. e4 Nf8 16. Be3 Be6 17. Qb4 Bg4 18. h3 Bxf3 19. Bxf3 Rd7 20. Nc4 Ne6 21. Rxd7 Nxd7 22. Bg4 Bf8 23. Qc3 Nec5 24. Bxd7 Nxd7 25. Rd1 Qc7 26. Kg2 Bg7 27. Qd2 Nf6 28. f3 h5 29. Qd6 Qxd6 30. Rxd6 b6 31. Rxc6 bxa5 32. Ra6 Rc8 33. b3 h4 34. gxh4 Nh5 35. Rxa5 Bf6 36. Bg5 Bxg5 37. hxg5 Nf4+ 38. Kg3 Ne2+ 39. Kf2 Nd4 40. Rxa7 Rc5 41. Ra5 Rxa5 42. Nxa5 Nxc2 43. Nc6 Kf8 44. Nxe5 Ke7 45. h4 Kd6 46. Nd3 Nd4 47. b4 Kc6 48. Ne5+ Kd6 49. Nxf7+ Ke6 50. Nh8 1-0


[Site "https://www.chess.com"]